 Dungeon Crawl Stone Soup version 0.21-a0-401-g0b6bec4 (webtiles) character file.

241 tof the Chopper (level 5, -2/47 HPs)
             Began as a Minotaur Monk on Oct 24, 2017.
             Slain by an orc
             ... wielding a cursed -1 mace
              (5 damage)
             ... on level 3 of the Dungeon.
             The game lasted 00:03:05 (2021 turns).

tof the Chopper (Minotaur Monk)                     Turns: 2021, Time: 00:03:05

Health: -2/47      AC:  5    Str: 17    XL:     5   Next: 80%
Magic:  4/4        EV: 12    Int:  7    God:
Gold:   120        SH:  0    Dex: 12    Spells: 4/4 levels left

rFire    . . .     SeeInvis .   a - +0 hand axe
rCold    . . .     Gourm    .   (no shield)
rNeg     . . .     Faith    .   f - +0 ring mail
rPois    .         Spirit   .   (helmet restricted)
rElec    .         Reflect  .   (no cloak)
rCorr    .         Harm     .   (no gloves)
MR       .....                  (no boots)
Stlth    +.........             (no amulet)
HPRegen  0.15/turn              (no ring)
MPRegen  0.09/turn              (no ring)

@: no status effects
A: retaliatory headbutt, horns 2
a: no special abilities


You were on level 3 of the Dungeon.
You were not hungry.

You visited 1 branch of the dungeon, and saw 3 of its levels.

You collected 120 gold pieces.

Inventory:

Hand Weapons
 a - a +0 hand axe (weapon)
Armour
 f - a +0 ring mail (worn)
Wands
 q - a wand of paralysis (8/24)
Scrolls
 b - a scroll of remove curse {unknown}
 g - a scroll of noise {unknown}
 j - a scroll of teleportation {unknown}
 p - 2 scrolls of amnesia {unknown}
 r - 2 scrolls of identify {unknown}
Potions
 d - a potion of curing {unknown}
 e - a potion of haste {unknown}
 h - a potion of resistance {unknown}
 i - a potion of cancellation {unknown}
 k - 2 potions of heal wounds {unknown}
 l - a potion of might {unknown}
 m - a potion of brilliance {unknown}
 o - a potion of flight {unknown}
Comestibles
 c - 5 bread rations
 n - a royal jelly
 s - a chunk of flesh


   Skills:
 + Level 4.6 Fighting
 * Level 5.4 Axes
 * Level 3.7 Armour
 + Level 4.2 Dodging
 - Level 1.5 Stealth


You had 4 spell levels left.
You didn't know any spells.

Dungeon Overview and Level Annotations

Branches:
Dungeon (3/15)

Altars:
Gozag
Kikubaaqudgha
Ru
Uskayaw


Innate Abilities, Weirdness & Mutations

You reflexively headbutt those who attack you in melee.
You have a pair of horns on your head.


Message History

The magic dart hits you!
You hit the orc.
The orc is almost dead.
The orc completely misses you.
A magic dart appears from out of thin air!
The magic dart hits you!
* * * LOW HITPOINT WARNING * * *
You closely miss the orc.
The orc is severely wounded.
The orc barely misses you. You furiously retaliate!
You headbutt the orc, but do no damage. You hit the orc but do no damage.
The orc is heavily wounded.
You miss something.
You hear some strange, mumbled words.
A magic dart appears from out of thin air!
The magic dart hits you!
* * * LOW HITPOINT WARNING * * *
The orc hits you with a mace.
You die...

......# #####....##.#
###.##### #........'..#
...)....#
#........#########
........#
#.................
.....(..#
#........#..#####
........# #........#..#
........# ##+#...)..#..#
........# #.....o...#..#
........# #....@{..##..#
........# #........##..#
### #........##..#######.
.
#####........##..........
#
#............##.#########
#......#.##+###.#
#......#.# #.# #......#.#
# #.# #......#.##.# #.#


You could see an orc.

Vanquished Creatures
  An orc wizard (D:3)
  Natasha (thrice) (D:2)
  3 gnolls (D:2)
  3 adders
  4 worms
  A dart slug (D:1)
  5 orcs (D:3)
  6 giant cockroaches
  8 hobgoblins
  4 jackals (D:3)
  2 quokkas
  A ball python (D:1)
  9 bats
  5 frilled lizards
  5 goblins
  6 kobolds
  5 rats
71 creatures vanquished.

Notes
Turn   | Place    | Note
-------+----------+-------------------------------------------
     0 | D:1      | tof the Minotaur Monk began the quest for the Orb.
     0 | D:1      | Reached XP level 1. HP: 19/19 MP: 0/0
   108 | D:1      | Reached skill level 1 in Armour
   117 | D:1      | Reached XP level 2. HP: 23/27 MP: 1/1
   201 | D:1      | Reached skill level 4 in Axes
   772 | D:2      | Found a faded altar of an unknown god.
   782 | D:2      | Reached XP level 3. HP: 30/33 MP: 2/2
   993 | D:2      | Noticed Natasha
   994 | D:2      | Killed Natasha
   994 | D:2      | Reached XP level 4. HP: 40/40 MP: 3/3
  1002 | D:2      | Noticed Natasha
  1011 | D:2      | Killed Natasha
  1236 | D:2      | Reached skill level 5 in Axes
  1236 | D:2      | Reached XP level 5. HP: 25/47 MP: 4/4
  1481 | D:2      | Found a hide-covered altar of Uskayaw.
  1484 | D:2      | Found a sacrificial altar of Ru.
  1487 | D:2      | Found an ancient bone altar of Kikubaaqudgha.
  1490 | D:2      | Found an opulent altar of Gozag.
  1589 | D:2      | Noticed Natasha
  1596 | D:2      | Killed Natasha
  2021 | D:3      | Slain by an orc

Vault maps used:
D:1:      saegor_arrival_simple_d
D:2:      cheibrodos_helix_gallery, grunt_temple_overflow_cloverleaf,
          chequers_ecumenical_altar_simple, serial_bayou_pond_b, uniq_natasha
D:3:      uniq_grinder, uniq_terence

Skill      XL: |  1  2  3  4  5 |
---------------+----------------+-----
Armour         | 1 2 3 |  3.7
Axes           | 4 5 |  5.4
Fighting       | 4 |  4.6
Dodging        | 4 |  4.2
Stealth        | |  1.5

Action                   |  1- 3 |  4- 6 || total
-------------------------+-------+-------++-------
Melee: Hand axe          |    83 |    95 ||   178
       Headbutt          |    15 |    23 ||    38
 Stab: Sleeping          |     3 |       ||     3
  Eat: Chunk             |       |     4 ||     4
Armor: Robe              |     2 |       ||     2
       Ring mail         |    18 |    41 ||    59
       Leather armour    |     2 |       ||     2
Dodge: Dodged            |    55 |    80 ||   135

Table legend:
 A = Spawn XP
 B = Non-spawn XP
 C = Spawn XP percentage of total XP
 D = Spawn monster count
 E = Non-spawn monster count
 F = Spawn count percentage of total count
 G = Total turns spent on level
                    A         B        C        D         E        F      G
               +---------+---------+-------+---------+---------+-------+---------
         Total |       0 |     345 |   0.0 |       0 |      71 |   0.0 |  2021
               +---------+---------+-------+---------+---------+-------+---------
           D:1 |       0 |      29 |   0.0 |       0 |      19 |   0.0 |   623
           D:2 |       0 |     212 |   0.0 |       0 |      25 |   0.0 |  1109
           D:3 |       0 |     104 |   0.0 |       0 |      27 |   0.0 |   289
               +---------+---------+-------+---------+---------+-------+---------
